 Dungeon Crawl Stone Soup version 0.29.1-2-gbd0b4ee654 (webtiles) character file.

Game seed: 15794725941569149167

6 Avanven the Shield-Bearer (level 1, 0/11 HPs)
             Began as a Vine Stalker Fighter on Nov 4, 2022.
             Slain by a hobgoblin (4 damage)
             ... on level 1 of the Dungeon.
             The game lasted 00:00:28 (53 turns).

Avanven the Shield-Bearer (Vine Stalker Fighter)      Turns: 53, Time: 00:00:29

Health: 0/11       AC:  6    Str: 18    XL:     1   Next: 90%
Magic:  0/2        EV:  9    Int:  8    God:
Gold:   0          SH:  4    Dex: 13    Spells: 0/0 levels left

rFire   . . .      SeeInvis .   a - +0 flail
rCold   . . .      Faith    .   c - +0 buckler
rNeg    . . .      Spirit   +   b - +0 scale mail
rPois   .          Reflect  .   (no helmet)
rElec   .          Harm     .   (no cloak)
rCorr   .          Rampage  .   (no gloves)
Will    .....                   (no boots)
Stlth   ..........              (no amulet)
HPRegen 0.03/turn               (no ring)
MPRegen 0.08/turn               (no ring)

@: no status effects
A: fangs 2, magic shield, antimagic bite, no potion heal 2
a: no special abilities


You were on level 1 of the Dungeon.
You visited 1 branch of the dungeon, and saw 1 of its levels.

Inventory:

Hand Weapons
 a - a +0 flail (weapon)
Armour
 b - a +0 scale mail (worn)
 c - a +0 buckler (worn)
Scrolls
 e - a scroll of identify {unknown}
Potions
 d - a potion of might


   Skills:
 - Level 2.6 Fighting
 * Level 2.3 Maces & Flails
 - Level 2.4 Armour
 - Level 2.6 Shields


You couldn't memorise any spells.
You didn't know any spells.
Your spell library was empty.

Dungeon Overview and Level Annotations

Branches:
Dungeon (1/15)

Altars:


Innate Abilities, Weirdness & Mutations

You have extremely sharp teeth.
When hurt, damage is shared between your health and your magic reserves.
Your bite disrupts and absorbs the magic of your enemies.
Potions cannot restore your health.


Message History

Your Maces & Flails skill increases to level 2!
You hit the endoplasm.
The endoplasm is heavily wounded.
The goblin hits you but does no damage.
The rat twitches its whiskers.
The rat bites you but does no damage. The endoplasm barely misses you.
The endoplasm freezes you.
You are frozen.
You block the rat's attack. The goblin hits you but does no damage.
You hit the endoplasm.
You kill the endoplasm!
The goblin hits you but does no damage. The rat bites you.
You are too injured to fight recklessly!
You are too injured to fight recklessly!
You are too injured to fight recklessly!
Unknown command.
You are too injured to fight recklessly!
You are too injured to fight recklessly!
You are too injured to fight recklessly!
You sock the rat!
You kill the rat!
You block the goblin's attack. The goblin hits you but does no damage.
You sock the goblin!
You kill the goblin!
A hobgoblin comes into view.
Things that are here:
a +0 dagger; a goblin corpse A hobgoblin is nearby!
Unknown command.
You are too injured to fight recklessly!
You are too injured to fight recklessly!
A hobgoblin is nearby!
A kobold comes into view. It is wielding a +0 short sword.
The kobold shouts!
Found a short sword.
Found a mace.
An endoplasm comes into view.
The hobgoblin hits you.
You die...

#........##..........##
#........##...######## .
###########...#########..
#..............
####...).......
#...)....... #...........
#........... #@.........#
#....g..........#
#..#.#...........#
#...K............#
#).#.#............
).........##...#.
..........# ....
.....J....# ..


You could see an endoplasm (wandering), a hobgoblin and a kobold.

Vanquished Creatures
  2 endoplasms (D:1)
  2 goblins (D:1)
  A kobold (D:1)
  A rat (D:1)
6 creatures vanquished.

Notes
Turn   | Place    | Note
-------+----------+-------------------------------------------
     0 | D:1      | Avanven the Vine Stalker Fighter began the quest for the
                  | Orb.
     0 | D:1      | Reached XP level 1. HP: 11/11 MP: 2/2
    53 | D:1      | Slain by a hobgoblin

Illustrated notes

Levels and vault maps discovered:
D:1:      dpeg_arrival_rooms_c, layout_basic,
          dreamdust_ecumenical_altar_angels_and_demons, grunt_decor_cap,
          minivault_26, glass_columns_a

Skill      XL: |  1 |
---------------+----+-----
Maces & Flails | 2 |  2.3
Fighting       | |  2.6
Armour         | |  2.4
Shields        | |  2.6

Action                   || total
-------------------------++-------
Melee: Flail             ||     9
       Bite              ||     2
Armor: Scale mail        ||     8
Dodge: Dodged            ||     6
Block: Buckler           ||     2
